AoeStats
← schmeno

Arabia

504667410Analyzed
3v3 RM · 2mo ago on Sep 6, 2026· 54m 45s· 6 players
Game mode
Random Map
Map size
Normal (6 player)
Population
200
Speed
Normal
Resources
Standard
Victory
Conquest
Starting age
Dark Age
Ending age
Imperial Age
RankedLock teamsTeams togetherTeam positionsShared explorationLock speedFull tech treeHidden civsTurbo modeCheats
Victory
Defeat
🇺🇸 Maya · United States
1187
+12
🇺🇸 Saracens · United States
1145
+14
🇺🇸 Franks · United States
1081
+17
vs
🇦🇷 Magyars · Argentina
1112
-15
🇦🇷 Vikings · Argentina
1096
-14
🇦🇷 Bulgarians · Argentina
1090
-14
DimitriRussia
2:31 Loom
10:22 Feudal Age
16:00 Scale Mail Armor
17:02 Arson
17:07 Horse Collar
18:01 Forging
19:51 Double-Bit Axe
23:55 Castle Age
25:43 Scale Barding Armor
26:14 Iron Casting
25:55 Bow Saw
28:40 Chain Barding Armor
41:48 Wheelbarrow
41:00 Town Watch
43:31 Gold Mining
43:44 Heavy Plow
44:26 Hand Cart
45:45 Gold Shaft Mining
50:30 Imperial Age
49:50 Husbandry
50:01 Bloodlines
49:51 Light Cavalry
50:37 Elite Konnik
50:39 Cavalier
52:27 Plate Barding Armor
53:00 Blast Furnace
Jeandecorrouge
5:22 Loom
12:21 Feudal Age
14:58 Double-Bit Axe
17:37 Castle Age
23:45 Horse Collar
27:25 Bloodlines
27:32 Scale Barding Armor
28:10 Wheelbarrow
32:09 Bow Saw
33:33 Heavy Plow
38:18 Imperial Age
35:48 Gold Mining
37:40 Hand Cart
37:10 Town Watch
38:33 Cavalier
39:14 Husbandry
42:27 Two-Man Saw
42:05 Gold Shaft Mining
41:20 Stone Mining
41:02 Pikeman
49:42 Paladin
53:20 Capped Ram
PapiAriete
3:17 Loom
9:59 Feudal Age
10:37 Double-Bit Axe
20:00 Castle Age
19:04 Horse Collar
19:25 Gold Mining
23:44 Forging
23:35 Scale Mail Armor
26:38 Bow Saw
26:53 Heavy Plow
28:58 Chain Mail Armor
29:35 Town Watch
38:42 Chieftains
39:32 Iron Casting
38:50 Fletching
39:37 Iron Casting
41:04 Gold Shaft Mining
42:49 Town Patrol
46:34 Bodkin Arrow
r smothers
0:27 Loom
9:48 Feudal Age
12:33 Double-Bit Axe
13:03 Horse Collar
17:07 Fletching
18:39 Wheelbarrow
21:36 Castle Age
21:56 Crossbowman
22:46 Bodkin Arrow
24:09 Bow Saw
24:00 Heavy Plow
24:46 Gold Mining
26:06 Ballistics
27:44 Town Watch
32:24 Padded Archer Armor
40:08 Imperial Age
38:58 Thumb Ring
40:19 Arbalester
42:11 Conscription
42:11 Bracer
44:05 Chemistry
46:12 Leather Archer Armor
49:11 Two-Man Saw
48:34 Conscription
48:47 Ring Archer Armor
49:04 Masonry
52:17 Hoardings
54:06 Stone Mining
schmeno
6:22 Loom
9:07 Feudal Age
9:35 Double-Bit Axe
16:08 Fletching
16:47 Horse Collar
23:01 Castle Age
21:41 Padded Archer Armor
24:03 Bow Saw
23:15 Crossbowman
23:54 Bodkin Arrow
28:05 Ballistics
29:38 Leather Archer Armor
30:56 Thumb Ring
33:46 Gold Mining
37:25 Redemption
38:21 Sanctity
39:05 Wheelbarrow
42:09 Imperial Age
40:18 Stone Mining
42:11 Bloodlines
43:23 Arbalester
44:10 Bracer
44:41 Ring Archer Armor
46:47 Chemistry
47:38 Hand Cart
49:31 Counterweights
53:55 Siege Engineers
Brady Will Pay
12:51 Feudal Age
11:10 Loom
17:14 Scale Barding Armor
18:14 Forging
21:04 Double-Bit Axe
22:46 Wheelbarrow
25:16 Castle Age
27:23 Wheelbarrow
27:20 Bow Saw
27:03 Gold Mining
27:05 Stone Mining
28:44 Chain Barding Armor
30:00 Iron Casting
33:11 Hand Cart
33:09 Town Watch
34:54 Husbandry
36:11 Gold Shaft Mining
44:36 Imperial Age
43:19 Fletching
45:22 Cavalier
46:38 Plate Barding Armor
46:01 Bodkin Arrow
48:31 Paladin
50:13 Blast Furnace
50:15 Chivalry
Connection lost

Rejoining the realm…

Still unreachable

The connection could not be restored.

Session expired

The server has moved on; the page needs a fresh start.